 Dungeon Crawl Stone Soup version 0.19.0-2-gae57169 (webtiles) character file.

373 Patchouli the Caller (level 6, -3/32 HPs)
             Began as a Tengu Summoner on Nov 7, 2016.
             Was a Follower of Zin.
             Killed from afar by an orc wizard (8 damage)
             ... with a puff of frost
             ... on level 6 of the Dungeon.
             The game lasted 00:21:41 (2826 turns).

Patchouli the Caller (Tengu Summoner)               Turns: 2826, Time: 00:21:42

Health: -3/32      AC:  5    Str:  8    XL:     6   Next: 72%
Magic:  1/13       EV: 14    Int: 23    God:    Zin [*.....]
Gold:   167        SH:  0    Dex: 19    Spells: 5 memorised, 0 levels left

rFire  + . .     SeeInvis .     C - +0 halberd
rCold  . . .     Gourm    .     a - +0 robe
rNeg   . . .     Faith    .     (shield currently unavailable)
rPois  .         Spirit   .     (helmet restricted)
rElec  .         Reflect  .     i - +1 cloak
rCorr  .         Harm     .     (no gloves)
MR     .....                    (boots unavailable)
Stlth  ++........               (no amulet)
                                o - +5 ring of dexterity
                                n - ring of protection from fire

@: brilliant, about to teleport
A: beak, talons 3, rugged brown scales 1, able to fly 1
a: Fly, Recite, Donate Gold, Renounce Religion


You were on level 6 of the Dungeon.
You worshipped Zin.
Zin was aware of your devotion.
You were not hungry.

You visited 2 branches of the dungeon, and saw 7 of its levels.

You collected 185 gold pieces.
You donated 18 gold pieces to Zin.

Inventory:

Hand Weapons
 d - a +0 scythe
 j - a +0 spear
 t - a +2 dagger of venom
 y - a +1 hunting sling of freezing
 C - a +0 halberd (weapon)
Missiles
 h - 3 tomahawks of dispersal
 z - 2 poisoned javelins (quivered)
Armour
 a - a +0 robe (worn)
 i - a +1 cloak (worn)
 w - a cursed +0 leather armour
Jewellery
 n - a ring of protection from fire (left hand)
 o - a +5 ring of dexterity (right hand)
Scrolls
 e - a scroll of recharging
 f - 2 scrolls of enchant armour
 k - 2 scrolls of teleportation
 m - 3 scrolls of remove curse {unknown}
 p - 2 scrolls of immolation {unknown}
 q - a scroll of blinking {unknown}
 r - 3 scrolls of fear {unknown}
 s - 2 scrolls of fog {unknown}
 v - a scroll of enchant weapon {unknown}
 B - 3 scrolls of identify {unknown}
Books
 b - a book of Callings

   Spells                             Type                      Level
   a - Summon Small Mammal            Summoning                    1
   b - Call Imp                       Summoning                    2
   c - Call Canine Familiar           Summoning                    3
   d - Summon Guardian Golem          Hexes/Summoning              3
   e - Summon Lightning Spire         Summoning/Air                4
   f - Summon Ice Beast               Ice/Summoning                4
Comestibles
 c - 2 bread rations
 l - a meat ration


   Skills:
 * Level 1.3 Armour
 + Level 3.7 Dodging
 - Level 2.0 Stealth
 * Level 4.2 Spellcasting
 * Level 0.9 Hexes
 + Level 5.9 Summonings
 * Level 1.8 Air Magic
 * Level 1.1 Invocations


You couldn't memorise any spells.
You knew the following spells:

 Your Spells              Type           Power        Failure   Level  Hunger
a - Summon Small Mammal   Summ           ####         1%          1    None
b - Call Imp              Summ           #####...     1%          2    #......
c - Call Canine Familiar  Summ           #####...     1%          3    ##.....
g - Summon Guardian Gole  Hex/Summ       ####....     1%          3    ##.....
s - Summon Lightning Spi  Summ/Air       #####...     3%          4    ####...


Dungeon Overview and Level Annotations

Branches:
Dungeon (6/15)             Temple (1/1) D:4

Altars:
Ashenzari
Dithmenos
Elyvilon
Fedhas
Hepliaklqana
Kikubaaqudgha
Makhleb
Okawaru
Qazlal
Ru
Sif Muna
Uskayaw
Vehumet
Xom
Zin
The Shining One

Shops:
D:5 [

Portals:
Sewer: D:6

Annotations:
D:3 exclusion: oklob plant
D:4 Eustachio
D:5 Edmund; octopushugs's ghost, novice OgBe


Innate Abilities, Weirdness & Mutations

You have a beak for a mouth.
You have claws for feet.
You can fly.
You are partially covered in rugged brown scales. (AC +1, +3% HP)


Message History

Throwing (i - inventory. (,) - cycle):
z - 3 poisoned javelins (quivered)
Press: ? - help, Shift-Dir - straight line, f - orc wizard, p - orc warrior
Aim: an orc wizard, wielding a dagger and wearing a robe (moderately wounded, fast)
You throw a poisoned javelin.
The poisoned javelin completely misses the orc wizard.
Your hound closely misses the orc warrior.
The orc wizard closely misses you. The orc barely misses you.
Your hound closely misses the orc warrior.
The orc wizard barely misses you.
The orc warrior hits your hound with a long sword.
Your hound dies!
Your hound's corpse disappears in a puff of smoke!
The orc misses you.
You aren't carrying any potions.
As you read the scroll of teleportation, it crumbles to dust.
You feel strangely unstable.
The orc wizard is no longer moving quickly.
The orc wizard points at you and mumbles some strange words.
The puff of frost hits you!
You die...

##............
#...............
#...............
##...............
#....)..........#
#.............#
#...........#
##.o§.o....##
#(.).o@..##
###..##### ####


You could see an orc warrior, an orc wizard and an orc.

Vanquished Creatures
  A jelly (D:5)
  A centaur skeleton (D:5)
  A worker ant (D:4)
  An orc (D:3)
  A giant cockroach (D:1)
  A hobgoblin (D:1)
  2 jackals
  A quokka (D:3)
  2 bats
  A frilled lizard (D:1)
  A kobold (D:1)
  A rat (D:3)
14 creatures vanquished.

Vanquished Creatures (collateral kills)
  Sigmund (D:2)
  A scorpion (D:5)
  2 hounds
  An orc priest (D:3)
  An orc wizard (D:3)
  Natasha (D:4)
  A worker ant (D:4)
  4 gnolls (D:5)
  7 adders
  An ooze (D:3)
  2 worms
  A dart slug (D:2)
  2 leopard geckos
  14 orcs
  A ball python (D:4)
  3 giant cockroaches
  3 goblins
  4 hobgoblins
  3 jackals
  5 kobolds
  A quokka (D:4)
  2 bats
  4 frilled lizards
  A leopard gecko skeleton (D:6)
  A quokka skeleton (D:4)
  6 rats
  A fungus (D:3)
74 creatures vanquished.

Grand Total: 88 creatures vanquished

Notes
Turn   | Place    | Note
-------+----------+-------------------------------------------
     0 | D:1      | Patchouli the Tengu Summoner began the quest for the Orb.
     0 | D:1      | Reached XP level 1. HP: 10/10 MP: 4/4
   138 | D:2      | Noticed Sigmund
   233 | D:1      | Reached XP level 2. HP: 15/15 MP: 1/6
   252 | D:1      | Learned a level 2 spell: Call Imp
   361 | D:2      | Reached skill level 5 in Summonings
   527 | D:2      | Found a stormy altar of Qazlal.
   529 | D:2      | Found a shimmering altar of Xom.
   551 | D:2      | Reached XP level 3. HP: 19/19 MP: 5/8
   644 | D:2      | Learned a level 3 spell: Call Canine Familiar
   754 | D:2      | Killed Sigmund
   754 | D:2      | Reached XP level 4. HP: 17/24 MP: 2/10
   754 | D:2      | Gained mutation: You can fly. [Tengu growth]
   754 | D:2      | Reached XP level 5. HP: 20/28 MP: 2/11
  1082 | D:3      | Found a blossoming altar of Fedhas.
  1102 | D:3      | Noticed an oklob plant
  1592 | D:4      | Found a staircase to the Ecumenical Temple.
  1600 | Temple   | Entered the Ecumenical Temple
  1605 | Temple   | Became a worshipper of Zin the Law-Giver
  1605 | Temple   | Reached * piety under Zin
  1648 | D:5      | Entered Level 5 of the Dungeon
  1650 | D:5      | Noticed octopushugs's ghost (novice OgBe)
  1658 | D:4      | Learned a level 4 spell: Summon Lightning Spire
  2098 | D:4      | Reached XP level 6. HP: 32/32 MP: 8/13
  2103 | D:4      | Learned a level 3 spell: Summon Guardian Golem
  2207 | D:4      | Noticed Natasha
  2227 | D:4      | Killed Natasha
  2277 | D:4      | Reached skill level 1 in Air Magic
  2350 | D:4      | Reached skill level 1 in Invocations
  2356 | D:4      | Noticed Eustachio
  2628 | D:5      | Reached skill level 1 in Armour
  2677 | D:5      | Noticed Edmund
  2759 | D:5      | Found Fowkun's Antique Armour Shoppe.
  2771 | D:6      | Found a glowing drain.
  2805 | D:6      | Noticed an orc warrior
  2821 | D:6      | Gained mutation: You are partially covered in rugged brown scales. (AC +1, +3% HP) [potion of beneficial mutation]
  2826 | D:6      | Killed from afar by an orc wizard

Skill      XL: |  1  2  3  4  5  6 |
---------------+-------------------+-----
Summonings     | 5 |  5.9
Dodging        | 3 |  3.7
Spellcasting   | 3 4 |  4.2
Air Magic      | 1 |  1.8
Invocations    | 1 |  1.1
Armour         | 1 |  1.3
Stealth        | |  2.0
Hexes          | |  0.9

Action                   |  1- 3 |  4- 6 || total
-------------------------+-------+-------++-------
Melee: Spear             |    25 |       ||    25
       Peck              |     3 |     1 ||     4
       Kick              |     2 |     2 ||     4
       Scythe            |       |    23 ||    23
       Halberd           |       |    12 ||    12
Throw: Javelin           |       |     1 ||     1
 Cast: Summon Small Mamm |    30 |    16 ||    46
       Call Imp          |     7 |    12 ||    19
       Call Canine Famil |     3 |    30 ||    33
       Summon Guardian G |       |    10 ||    10
       Summon Lightning  |       |     1 ||     1
Invok: Recite            |       |     2 ||     2
  Use: Potion            |     1 |     3 ||     4
       Scroll            |       |     4 ||     4
 Stab: Sleeping          |     1 |       ||     1
  Eat: Chunk             |       |    10 ||    10
       Beef jerky        |       |     1 ||     1
Armor: Robe              |    10 |     8 ||    18
Dodge: Dodged            |     7 |    48 ||    55
